 Dungeon Crawl Stone Soup version 0.20.1-1-g8b1a95d (webtiles) character file.

327156 tidbits the Black Belt (level 20, -1/328 HPs)
             Began as a Demigod Transmuter on July 5, 2017.
             Killed by the air
             ... invoked by a spriggan air mage
             ... led by the Enchantress
              (20 damage)
             ... on level 4 of the Depths on July 6, 2017.
             The game lasted 08:06:38 (35709 turns).

tidbits the Black Belt (Demigod Transmuter)        Turns: 35709, Time: 08:06:39

Health: -1/328     AC: 34    Str: 22    XL:     20   Next: 25%
Magic:  38/38      EV: 29    Int: 29    God:
Gold:   534        SH:  7    Dex: 23    Spells: 4/37 levels left

rFire    + + .     SeeInvis +     - Unarmed
rCold    . . .     Gourm    .   D - +1 buckler {rF+}
rNeg     + . .     Faith    .   (armour currently unavailable)
rPois    ∞         Spirit   .   E - +2 helmet {Int+3}
rElec    +         Reflect  .   C - +1 cloak {rF+}
rCorr    .         Harm     .   (gloves currently unavailable)
MR       +++++                  (boots currently unavailable)
Stlth    ..........             x - amulet of regeneration
Regen    1.1/turn               y - ring of the Mage {Wiz MR++ Int+3}
MPRegen  0.3/turn               I - ring of see invisible

@: mighty, agile, berserking (expiring), statue-form, hasted
A: high mp 1, magic resistance 1
}: 1/15 runes: barnacled
a: End Transformation


You were on level 4 of the Depths.
You were not hungry.
You were a stone statue.
You visited 7 branches of the dungeon, and saw 38 of its levels.
You visited 1 bazaar.
You also visited: Labyrinth, Sewer, Bailey, Ice Cave and Volcano.

You collected 4722 gold pieces.
You spent 4188 gold pieces at shops.

Inventory:

Missiles
 w - 34 javelins of penetration (quivered)
 N - 481 arrows
Armour
 B - the +2 scale mail of the Morning (melded) {Slay+5}
   (You found it on level 2 of the Spider Nest)

   It affects your accuracy and damage with ranged weapons and melee attacks
   (+5).
 C - a +1 cloak of fire resistance (worn)
   (You took it off a red draconian in a volcano)
 D - a +1 buckler of fire resistance (worn)
   (You took it off a tengu warrior on level 3 of the Depths)
 E - a +2 helmet of intelligence (worn)
   (You found it in a labyrinth)
 F - a +2 pair of boots of running (melded)
   (You acquired it in a bailey)
 G - the +1 pair of gloves "Ephurae" (melded) {rC++ rCorr Int+4}
   (You found it on level 2 of the Vaults)

   It affects your intelligence (+4).
   It greatly protects you from cold.
   It protects you from acid and corrosion.
Jewellery
 x - an amulet of regeneration (around neck)
   (You found it on level 6 of the Dungeon)
 y - the ring of the Mage (left hand) {Wiz MR++ Int+3}
   (You bought it in a shop on level 12 of the Dungeon)

   [ring of wizardry]

   It improves your spell success rate.
   It affects your intelligence (+3).
   It affects your resistance to hostile enchantments.
 A - an uncursed ring of protection from cold
   (You took it off Maurice on level 8 of the Dungeon)
 H - the ring "Muzxetwawu" {MR+ Int+4}
   (You took it off a wizard on level 3 of the Depths)

   [ring of protection from magic]

   It affects your intelligence (+4).
   It affects your resistance to hostile enchantments.
 I - a ring of see invisible (right hand)
   (You found it on level 2 of the Lair of Beasts)
 K - an uncursed ring of resist corrosion
   (You took it off a deep elf knight on level 4 of the Vaults)
 L - an uncursed ring of flight
   (You found it on level 10 of the Dungeon)
 Y - a +3 ring of slaying
   (You found it in a labyrinth)
Wands
 d - a wand of digging (12/24)
 m - a wand of clouds (3/9)
 q - a wand of confusion (27/48)
 M - a wand of acid (11/15)
 Z - a wand of enslavement (5/24)
Scrolls
 g - 5 scrolls of recharging
 h - 5 scrolls of teleportation
 i - 2 scrolls of identify
 k - a scroll of fog
 r - 8 scrolls of remove curse
 s - 3 scrolls of fear
 O - 2 scrolls of holy word
 U - 2 scrolls of silence
 W - a scroll of magic mapping
Potions
 a - 2 potions of agility
 b - a potion of might
 c - a potion of berserk rage
 e - a potion of invisibility
 n - 6 potions of ambrosia
 u - 3 potions of cancellation
 v - 2 potions of resistance
 z - 4 potions of brilliance
 J - 5 potions of flight
 P - 13 potions of curing
 T - 3 potions of magic
 X - 6 potions of mutation {!q}
Books
 f - a book of Air
   (You found it on level 3 of the Depths)

   Spells                             Type                      Level
   a - Shock                          Conjuration/Air              1
   b - Swiftness                      Charms/Air                   2
   c - Static Discharge               Conjuration/Air              3
   d - Airstrike                      Air                          4
   e - Lightning Bolt                 Conjuration/Air              5
 l - a book of the Dragon
   (You found it on level 2 of the Depths)

   Spells                             Type                      Level
   a - Flame Tongue                   Conjuration/Fire             1
   b - Cause Fear                     Hexes                        4
   c - Bolt of Fire                   Conjuration/Fire             6
   d - Dragon Form                    Transmutation                7
   e - Dragon's Call                  Summoning                    9
Miscellaneous
 o - a phial of floods
 p - a lamp of fire
 Q - a box of beasts
 S - a fan of gales (inert)
Comestibles
 t - 12 bread rations
 V - 12 chunks of flesh


   Skills:
 - Level 12.5 Fighting
 - Level 8.4 Armour
 - Level 12.4 Dodging
 - Level 5.2 Stealth
 - Level 5.0 Shields
 - Level 18.6 Unarmed Combat
 + Level 9.4 Spellcasting
 - Level 3.0 Hexes
 - Level 3.1 Charms
 - Level 6.1 Summonings
 - Level 4.0 Necromancy
 - Level 2.1 Translocations
 - Level 14.8 Transmutations
 - Level 3.0 Ice Magic
 - Level 5.6 Air Magic
 - Level 6.5 Earth Magic
 - Level 3.7 Poison Magic
 - Level 6.1 Evocations


You had 4 spell levels left.
You knew the following spells:

 Your Spells              Type           Power        Failure   Level  Hunger
a - Apportation           Tloc           ####..       1%          1    None
h - Blade Hands           Tmut           #######...   1%          5    ####...
i - Summon Ice Beast      Ice/Summ       #####...     2%          4    None
k - Sticks to Snakes      Tmut           #######.     0%          2    None
n - Animate Skeleton      Necr           N/A          1%          1    None
p - Poisonous Vapours     Pois/Air       #####.       1%          2    None
r - Regeneration          Chrm/Necr      ####......   1%          3    None
s - Statue Form           Tmut/Erth      ######...    3%          6    #####..
u - Tukima's Dance        Hex            ####....     1%          3    None
L - Summon Lightning Spi  Summ/Air       #####...     1%          4    None
W - Swiftness             Chrm/Air       #####...     1%          2    None


Dungeon Overview and Level Annotations

Branches:
Dungeon (15/15)            Temple (0/1) D:7            Lair (6/6) D:9
 Shoals (4/4) Lair:2       Spider (3/4) Lair:4        Slime (0/5) Lair:5
    Orc (2/2) D:9             Elf (0/3) Orc:2        Vaults (4/5) D:14
  Crypt (0/3) Vaults:3     Depths (4/5) D:15

Shops:
D:6 }   D:12 *[=?%   Orc:2 *(([%   Vaults:1 :   Vaults:2 (

Portals:
Hell: Depths:1 Depths:2 Depths:3
Abyss: Depths:1 Depths:4
Pandemonium: Depths:1 Depths:2 Depths:3
Ziggurat: Depths:2

Annotations:
D:5 exclusions: ogre and scorpion
D:8 Erica
Shoals:2 exclusion: merfolk impaler
Shoals:4 exclusion: merfolk javelineer
Spider:1 exclusion: downstairs
Orc:2 2 runed doors, exclusion: orange crystal statue


Innate Abilities, Weirdness & Mutations

You have an increased reservoir of magic. (+10% MP)
You are resistant to hostile enchantments. (MR+)


Message History

Unknown command.
Blink to where?
Press: ? - help, Dir - move target cursor The tentacled monstrosity's grasp on you weakens, but your attempt to escape fails.
As you read the scroll of blinking, it crumbles to dust.
You block the spriggan defender's attack.
The spriggan defender completely misses you.
The spriggan defender hits you but does no damage.
You block the spriggan rider's attack.
The tentacled monstrosity barely misses you.
The tentacled monstrosity completely misses you.
The tentacled monstrosity closely misses you.
The tentacled monstrosity constricts you.
A deep elf annihilator comes into view.
It is wielding a long sword of holy wrath.
Unknown command.
Okay, then.
A red film seems to cover your vision as you go berserk!
You feel yourself moving faster!
You feel mighty!
You block the spriggan defender's attack.
The spriggan defender hits you with a demon whip of freezing.
* * * LOW HITPOINT WARNING * * *
The spriggan defender freezes you.
* * * LOW HITPOINT WARNING * * *
The spriggan defender barely misses you.
The spriggan air mage waves its arms in wide circles.
The air twists around and strikes you! The spriggan rider misses you.
The tentacled monstrosity completely misses you.
The tentacled monstrosity barely misses you.
The tentacled monstrosity tentacle-slaps you but does no damage.
* * * LOW HITPOINT WARNING * * *
The tentacled monstrosity constricts you.
You hit the tentacled monstrosity.
The tentacled monstrosity is moderately wounded.
The spriggan defender hits you with a demon whip of freezing!
* * * LOW HITPOINT WARNING * * *
The spriggan defender freezes you.
* * * LOW HITPOINT WARNING * * *
The spriggan defender hits you but does no damage.
The spriggan air mage waves its arms in wide circles.
The air twists around and strikes you!
* * * LOW HITPOINT WARNING * * *
You barely miss the tentacled monstrosity.
The tentacled monstrosity is moderately wounded.
The spriggan defender completely misses you.
The spriggan defender hits you but does no damage.
The tentacled monstrosity tentacle-slaps you but does no damage.
The tentacled monstrosity completely misses you.
You block the tentacled monstrosity's attack.
The tentacled monstrosity constricts you.
The spriggan rider closely misses you.
The deep elf annihilator gestures wildly while chanting.
The deep elf annihilator blinks!
The spriggan defender completely misses you.
The spriggan defender hits you with a demon whip of freezing!!
* * * LOW HITPOINT WARNING * * *
The spriggan defender freezes you!
* * * LOW HITPOINT WARNING * * *
You pummel the tentacled monstrosity!!
The tentacled monstrosity is severely wounded.
The spriggan defender barely misses you.
The tentacled monstrosity tentacle-slaps you but does no damage.
You block the tentacled monstrosity's attack.
The tentacled monstrosity barely misses you.
The tentacled monstrosity constricts you.
The spriggan defender hits you with a demon whip of freezing!
* * * LOW HITPOINT WARNING * * *
The spriggan defender freezes you!
* * * LOW HITPOINT WARNING * * *
The spriggan rider completely misses you.
Unknown command.
You pulverise the tentacled monstrosity!!!
You kill the tentacled monstrosity!
The spriggan defender hits you with an enchanted quick blade.
* * * LOW HITPOINT WARNING * * *
The spriggan air mage gestures at you while chanting.
The bolt of lightning hits you! You resist.
* * * LOW HITPOINT WARNING * * *
The spriggan defender hits you but does no damage.
The spriggan defender hits you with an enchanted quick blade.
* * * LOW HITPOINT WARNING * * *
The deep elf annihilator gestures at you while chanting.
The bolt of lightning misses you. x2
The spriggan rider hits you but does no damage.
The spriggan defender hits you with an enchanted quick blade!
* * * LOW HITPOINT WARNING * * *
Unknown command.
You pummel the spriggan defender!!
The spriggan defender is moderately wounded.
The deep elf annihilator completely misses you.
The spriggan defender hits you but does no damage.
Unknown command.
You pummel the spriggan defender like a punching bag!!!
You kill the spriggan defender!
The spriggan defender hits you with a demon whip of freezing.
* * * LOW HITPOINT WARNING * * *
The spriggan defender freezes you.
* * * LOW HITPOINT WARNING * * *
The spriggan air mage waves its arms in wide circles.
The air twists around and strikes you!
You die... ########### #.......... #..[....... #ii##i..... #i)## ii...

#.e8## ..ii
#.i..# ...
#.#...# ..
#.##...# . ##.#
#...# #..#
#...# ##.##
#...# .# #..#
#...
...#########.##
#.


You could see a deep elf annihilator, 2 spriggan defenders, a spriggan rider and
a spriggan air mage.

Vanquished Creatures
  An ancient lich (Depths:1)
  A juggernaut (Depths:4)
  the Enchantress (Depths:4)
  4 liches
  2 tentacled monstrosities (Depths:4)
  2 sphinxes
  An ancient champion (Vaults:3)
  4 tengu reavers
  Agnes (Spider:1)
  6 fire giants
  2 frost giants
  12 vault wardens
  2 ghost moths
  An emperor scorpion (Spider:2)
  9 ironheart preservers
  A spriggan defender (Depths:4)
  A reaper (IceCv)
  2 very ugly things
  4 entropy weavers
  12 stone giants
  A draconian annihilator (Depths:1)
  A war gargoyle (Vaults:4)
  A vampire knight (Depths:1)
  A deep elf demonologist (Vaults:4)
  5 deep elf annihilators
  A red draconian (Volcano)
  A crystal guardian (Vaults:2)
  A jiangshi (Vaults:3)
  4 merfolk javelineers
  Josephine (Orc:2)
  An ettin (Vaults:4)
  A minotaur (Lab)
  16 yaktaur captains
  2 merfolk impalers
  2 spriggan air magi
  7 fire dragons
  4 great orbs of eyes
  8 vault guards
  8 ice dragons
  A hell beast (Depths:2)
  A hydra (Lair:6)
  A catoblepas (shapeshifter) (Vaults:1)
  8 rakshasas
  A merfolk avatar (Shoals:3)
  15 ogre magi
  3 merfolk aquamancers
  2 deep troll shamans (Depths:3)
  39 two-headed ogres
  10 centaur warriors
  3 death knights
  12 deep troll earth magi
  8 death yaks
  A queen ant (Lair:5)
  3 tengu warriors
  4 orc high priests (Orc:2)
  A spriggan berserker (Depths:1)
  3 vampire magi
  A sun demon (Depths:2)
  2 shadow wraiths
  7 deep elf knights
  8 skeletal warriors
  A spark wasp zombie (D:15)
  A sixfirhy (Depths:2)
  2 flayed ghosts
  10 sea snakes
  3 unseen horrors
  The ghost of Silkki the Skirmisher, a novice TeNe of Cheibriados (D:7)
  15 deep trolls
  2 swamp dragons (shapeshifter)
  Pikel (D:4)
  4 glowing orange brains
  2 wizards
  A phantasmal warrior (Vaults:3)
  6 deep elf archers
  6 ironbrand convokers
  3 fire giant zombies
  22 wolf spiders
  10 orc knights
  2 harpies
  A wolf spider zombie (D:14)
  25 ugly things
  11 deep elf magi
  3 necromancers
  9 orb spiders
  A manticore (shapeshifter) (Vaults:3)
  3 orc sorcerers
  7 fauns
  11 manticores
  6 merfolk sirens
  8 cyclopes
  6 elephants (Lair:6)
  3 black mambas
  A centaur zombie (D:13)
  An eye of devastation (shapeshifter) (Vaults:3)
  2 ice statues (IceCv)
  11 vault sentinels
  Maurice (D:8)
  3 water nymphs (Shoals:2)
  2 gargoyles
  11 spiny frogs
  10 komodo dragons
  A spriggan skeleton (D:15)
  5 rime drakes
  10 ice devils
  2 rime drakes (shapeshifter)
  2 freezing wraiths
  2 kobold demonologists (Bailey)
  A guardian mummy (D:15)
  10 demonic crawlers
  35 yaktaurs
  7 tengu conjurers
  A red devil (Depths:2)
  2 trolls (shapeshifter)
  A queen bee (shapeshifter) (Vaults:2)
  4 polar bears
  4 trolls
  A wind drake (shapeshifter) (Depths:2)
  19 merfolk
  6 hornets
  13 jumping spiders
  A wind drake (Shoals:2)
  Prince Ribbit (D:8)
  6 slime creatures
  A sphinx simulacrum (Vaults:2)
  11 hippogriffs
  5 snapping turtles
  9 dream sheep
  2 meliai zombies
  5 blink frogs
  A human simulacrum (Vaults:1)
  7 wraiths
  An air elemental (Depths:3)
  18 tarantellas
  54 redbacks
  13 water elementals
  A wyvern (D:15)
  46 yaks
  3 vampires
  3 hungry ghosts
  A wyvern (shapeshifter) (Depths:3)
  7 fire bats (Volcano)
  A basilisk (Lair:2)
  6 vampire mosquitoes
  A warg (Orc:1)
  14 soldier ants
  2 acid dragons
  A soldier ant (shapeshifter) (Vaults:3)
  15 water moccasins
  4 porcupines
  A black bear (shapeshifter) (Vaults:3)
  A slave (D:3)
  4 ice beasts
  5 sky beasts
  32 orc warriors
  3 eyes of draining
  24 boggarts
  33 ogres
  2 phantoms
  6 wolves (Lair:4)
  16 crocodiles
  5 centaurs
  2 orc skeletons (Vaults:2)
  A big kobold (D:10)
  18 bullfrogs
  A glowing shapeshifter simulacrum (Vaults:1)
  A wyvern zombie (D:14)
  A water moccasin zombie (D:8)
  2 wyvern skeletons
  3 scorpions
  23 killer bees
  22 wights
  4 electric eels
  4 howler monkeys
  A bullfrog zombie (D:12)
  8 lava snakes (Volcano)
  7 crimson imps
  3 quasits
  7 hounds
  2 jellies
  A gnoll shaman (D:4)
  22 orc priests
  Crazy Yiuf (D:6)
  2 bullfrog skeletons (D:5)
  An iron imp (Depths:3)
  29 orc wizards
  4 centaur skeletons
  8 iguanas
  20 worker ants
  A hound skeleton (D:9)
  A worker ant zombie (D:7)
  10 adders
  12 gnolls
  9 white imps
  8 ufetubi (IceCv)
  12 oozes (Sewer)
  5 worms
  2 dart slugs (D:2)
  14 leopard geckos
  84 orcs
  11 ball pythons
  10 giant cockroaches
  16 goblins
  10 hobgoblins
  7 jackals
  19 kobolds
  3 quokkas
  3 bats
  10 frilled lizards
  9 rats
  3 plants
1452 creatures vanquished.

Vanquished Creatures (collateral kills)
  A fire giant (Depths:1)
  An emperor scorpion (Spider:1)
  A vault warden (Vaults:4)
  An ironheart preserver (Vaults:2)
  2 very ugly things
  An entropy weaver (Lair:5)
  A merfolk javelineer (Shoals:4)
  An ettin (Vaults:4)
  2 yaktaur captains (Depths:1)
  2 merfolk impalers
  A vault guard (Vaults:2)
  5 hydras
  2 centaur warriors
  An alligator snapping turtle (Shoals:3)
  2 merfolk avatars
  2 merfolk aquamancers (Shoals:4)
  A death yak (Lair:6)
  9 two-headed ogres
  2 ogre magi (Depths:1)
  2 deep elf knights
  A skeletal warrior (D:15)
  5 deep trolls
  2 sea snakes
  A deep elf archer (Vaults:3)
  3 deep elf magi
  A kraken simulacrum (Shoals:4)
  An orc knight (Vaults:3)
  An ironbrand convoker (Vaults:2)
  An orb spider (Spider:2)
  A wolf spider (Spider:2)
  A manticore (Lair:6)
  4 fauns
  2 merfolk sirens
  2 elephants (Lair:6)
  A black mamba (Lair:4)
  4 ugly things
  3 water nymphs
  A naga mage (Depths:1)
  2 spiny frogs
  A freezing wraith (Vaults:3)
  2 komodo dragons
  7 yaktaurs
  A demonic crawler (Spider:2)
  5 jumping spiders
  A tengu conjurer (Depths:2)
  A wind drake (Shoals:2)
  A hornet (Vaults:1)
  4 merfolk
  A slime creature (Vaults:2)
  18 dream sheep
  3 blink frogs
  A fire giant simulacrum (Vaults:3)
  A hippogriff (Lair:6)
  A tarantella (Spider:3)
  6 redbacks
  2 water elementals
  A wyvern (Lair:6)
  5 yaks
  A wraith (Vaults:1)
  A warg (Vaults:4)
  A vampire mosquito (D:13)
  5 soldier ants (Lair:5)
  A soldier ant (shapeshifter) (Vaults:4)
  2 water moccasins
  A porcupine (Lair:2)
  2 orc warriors
  An ice beast (D:15)
  An eye of draining (D:14)
  4 ogres
  2 boggarts
  3 crocodiles
  2 bullfrogs
  A wyvern skeleton (D:14)
  2 scorpions
  An electric eel (Lair:6)
  A human simulacrum (Vaults:2)
  2 orc wizards (Orc:2)
  An iguana (Lair:3)
  11 worker ants
  2 adders
  A white imp (Depths:4)
  A worm (D:2)
  11 orcs
  A bat (D:3)
  A hobgoblin (Bailey)
  A jackal (D:2)
  2 kobolds (Depths:2)
  2 goblins
  10 fungi
  10 plants
  A tentacle (Shoals:4)
228 creatures vanquished.

Vanquished Creatures (others)
  A shadow wraith (Vaults:4)
  4 white imps (IceCv)
  An ufetubus (IceCv)
  A bush (Lair:6)
  10 fungi
  27 plants
  7 tentacles (Shoals:4)
51 creatures vanquished.

Grand Total: 1731 creatures vanquished

Notes
Turn   | Place    | Note
-------+----------+-------------------------------------------
     0 | D:1      | tidbits the Demigod Transmuter began the quest for the Orb.
     0 | D:1      | Reached XP level 1. HP: 15/15 MP: 5/5
   130 | D:1      | Reached skill level 1 in Stealth
   262 | D:2      | Reached skill level 1 in Fighting
   262 | D:2      | Reached XP level 2. HP: 9/23 MP: 5/7
   512 | D:2      | Reached skill level 2 in Stealth
   558 | D:2      | Learned a level 2 spell: Sticks to Snakes
   791 | D:2      | Reached XP level 3. HP: 17/28 MP: 3/8
   795 | D:2      | Reached skill level 3 in Stealth
  1198 | D:2      | Found a glowing golden altar of the Shining One.
  1277 | D:3      | Reached skill level 2 in Fighting
  1439 | D:3      | Reached XP level 4. HP: 31/36 MP: 3/9
  1644 | D:3      | Learned a level 3 spell: Spider Form
  1645 | D:4      | Noticed a slave
  1645 | D:4      | Noticed a slave
  1645 | D:4      | Noticed a slave
  1647 | D:4      | Noticed Pikel
  1659 | D:3      | Killed a slave
  1715 | D:3      | Reached skill level 2 in Transmutations
  1968 | D:3      | Reached XP level 5. HP: 42/42 MP: 4/10
  2055 | D:4      | Found a glowing drain.
  2103 | D:4      | Noticed a slave
  2119 | D:4      | Killed Pikel
  2119 | D:4      | Reached skill level 4 in Transmutations
  2119 | D:4      | Reached skill level 3 in Poison Magic
  2119 | D:4      | Reached XP level 6. HP: 28/50 MP: 4/11
  2119 | D:4      | Reached XP level 7. HP: 32/56 MP: 4/12
  2184 | Sewer    | Entered a sewer
  2316 | Sewer    | Reached skill level 3 in Unarmed Combat
  2616 | Sewer    | Reached skill level 4 in Unarmed Combat
  2897 | D:5      | Entered Level 5 of the Dungeon
  2902 | D:5      | Reached skill level 5 in Unarmed Combat
  3105 | D:5      | Reached XP level 8. HP: 31/62 MP: 5/13
  3254 | D:4      | Reached skill level 6 in Unarmed Combat
  3400 | D:5      | Reached skill level 2 in Dodging
  3682 | D:5      | Reached skill level 3 in Dodging
  4073 | D:5      | Reached skill level 3 in Fighting
  4441 | D:6      | Found Nocven's Gadget Emporium.
  4448 | D:6      | Reached skill level 4 in Fighting
  4684 | D:7      | Found a staircase to the Ecumenical Temple.
  4699 | D:7      | Reached skill level 4 in Dodging
  4929 | D:8      | Noticed Maurice
  5021 | D:7      | Reached skill level 7 in Unarmed Combat
  5038 | D:7      | Reached XP level 9. HP: 57/71 MP: 14/14
  5217 | D:8      | Noticed a two-headed ogre
  5226 | D:8      | Reached skill level 2 in Spellcasting
  5226 | D:8      | Reached skill level 5 in Transmutations
  5248 | D:8      | Noticed Prince Ribbit
  5261 | D:8      | Noticed Erica
  5269 | D:8      | Killed Prince Ribbit
  5275 | D:7      | Reached skill level 6 in Transmutations
  5382 | D:7      | Reached skill level 3 in Spellcasting
  5454 | D:8      | Noticed a cyclops
  5512 | D:7      | Learned a level 5 spell: Blade Hands
  5687 | D:6      | Reached skill level 7 in Transmutations
  5855 | D:6      | Found a runed door.
  5860 | D:6      | Noticed Crazy Yiuf
  5868 | D:6      | Killed Crazy Yiuf
  5994 | D:7      | Noticed Silkki's ghost (novice TeNe)
  6012 | D:7      | Killed Silkki's ghost
  6012 | D:7      | Reached skill level 8 in Transmutations
  6115 | D:8      | Reached XP level 10. HP: 76/78 MP: 18/18
  6187 | D:9      | Reached skill level 8 in Unarmed Combat
  6302 | D:9      | Noticed a two-headed ogre
  6666 | D:8      | Killed a two-headed ogre
  6666 | D:8      | Reached skill level 5 in Fighting
  6666 | D:8      | Reached skill level 9 in Unarmed Combat
  6781 | D:8      | Killed Maurice
  6833 | D:8      | Killed a cyclops
  6929 | D:9      | Reached skill level 10 in Unarmed Combat
  6973 | D:9      | Found a staircase to the Lair.
  7050 | D:9      | Found a staircase to the Orcish Mines.
  7063 | D:9      | Reached skill level 6 in Fighting
  7193 | D:10     | Entered Level 10 of the Dungeon
  7236 | D:10     | Reached XP level 11. HP: 67/89 MP: 20/20
  7832 | D:11     | Found a labyrinth entrance.
  7873 | Lab      | Entered a labyrinth
  8384 | Lab      | Noticed a minotaur
  8418 | Lab      | Identified Eshriff Nadus's Incunabulum of the Spatial Birds
  8421 | Lab      | Killed a minotaur
  8421 | Lab      | Reached skill level 5 in Dodging
  8423 | Lab      | Got a sparkling pewter amulet
  8457 | D:11     | Reached skill level 1 in Armour
  8462 | D:11     | Identified the amulet "Uchul" {Spirit Str+2} (You found it in a labyrinth)
  8473 | D:11     | Noticed a two-headed ogre
  8484 | D:11     | Killed a two-headed ogre
  8484 | D:11     | Reached skill level 2 in Armour
  8568 | D:11     | Reached skill level 3 in Armour
  8600 | D:11     | Found a blossoming altar of Fedhas.
  8778 | D:11     | Reached skill level 4 in Spellcasting
  8891 | D:11     | Noticed a two-headed ogre
  8900 | D:11     | Killed a two-headed ogre
  9060 | D:12     | Reached skill level 9 in Transmutations
  9113 | D:12     | Reached skill level 5 in Spellcasting
  9134 | D:12     | Got a colourful robe
  9156 | D:12     | Found Feixkid's Food Shop.
  9184 | D:12     | Found Cenataor's Magic Scroll Shoppe.
  9188 | D:12     | Bought 2 scrolls of blinking for 180 gold pieces
  9188 | D:12     | Bought a scroll of identify for 24 gold pieces
  9188 | D:12     | Bought a scroll of teleportation for 36 gold pieces
  9188 | D:12     | Bought a scroll of noise for 12 gold pieces
  9261 | D:12     | Found Mamp's General Store.
  9367 | D:12     | Found Ganaj's Antique Armour Shop.
  9476 | D:12     | Found Mugh's Jewellery Shoppe.
  9485 | D:12     | Learned a level 1 spell: Animate Skeleton
  9487 | D:12     | Learned a level 1 spell: Apportation
  9723 | D:9      | Killed a two-headed ogre
  9753 | Lair:1   | Entered Level 1 of the Lair of Beasts
  9812 | Lair:1   | Reached XP level 12. HP: 61/97 MP: 15/25
  9853 | Lair:1   | Reached skill level 11 in Unarmed Combat
  9966 | Lair:1   | Reached skill level 1 in Evocations
 10074 | Lair:1   | Reached skill level 1 in Necromancy
 10074 | Lair:1   | Reached skill level 1 in Translocations
 10310 | Lair:2   | Reached skill level 2 in Evocations
 10316 | Lair:2   | Reached skill level 2 in Necromancy
 10316 | Lair:2   | Reached skill level 2 in Translocations
 10467 | Lair:3   | Noticed a five-headed hydra
 10519 | Lair:2   | Noticed a four-headed hydra
 10529 | Lair:2   | Killed a four-headed hydra
 10529 | Lair:2   | Reached skill level 3 in Evocations
 10551 | Lair:2   | Noticed a four-headed hydra
 10562 | Lair:2   | Killed a four-headed hydra
 10643 | Lair:3   | Reached skill level 4 in Evocations
 10710 | Lair:3   | Killed a five-headed hydra
 10810 | Lair:4   | Reached skill level 6 in Dodging
 10980 | Lair:4   | Reached skill level 7 in Dodging
 11114 | Lair:4   | Reached skill level 8 in Dodging
 11142 | Lair:4   | Noticed a seven-headed hydra
 11161 | Lair:4   | Killed a seven-headed hydra
 11278 | Lair:5   | Found a staircase to the Slime Pits.
 11278 | Lair:5   | Found a viscous altar of Jiyva.
 11416 | Lair:5   | Found a frozen archway.
 11441 | IceCv    | Entered an ice cave
 11492 | IceCv    | Reached skill level 7 in Fighting
 11655 | IceCv    | Noticed a reaper
 11959 | IceCv    | Killed a reaper
 11959 | IceCv    | Reached XP level 13. HP: 88/105 MP: 16/26
 12150 | Lair:5   | Noticed an entropy weaver
 12173 | Lair:5   | Killed an entropy weaver
 12299 | Lair:5   | Reached skill level 12 in Unarmed Combat
 12471 | Lair:6   | Entered Level 6 of the Lair of Beasts
 12587 | Lair:6   | Reached skill level 8 in Fighting
 12746 | Lair:6   | Found a dark tunnel.
 12795 | Volcano  | Entered a volcano
 12920 | Volcano  | Noticed a red draconian
 12947 | Volcano  | Killed a red draconian
 13045 | Volcano  | Found a bloodstained altar of Trog.
 13126 | Volcano  | Reached skill level 13 in Unarmed Combat
 13283 | Lair:6   | Paralysed by a hornet for 1 turns
 13521 | Lair:5   | Noticed an entropy weaver
 13534 | Lair:5   | Killed an entropy weaver
 13718 | Lair:4   | Found a hole to the Spider Nest.
 14111 | D:13     | Reached skill level 4 in Armour
 14259 | D:13     | Reached skill level 5 in Armour
 14382 | D:13     | Identified the Collected Works on the Entourage and Ice
 14492 | D:13     | Reached skill level 6 in Armour
 14804 | D:14     | Reached skill level 7 in Armour
 14810 | D:14     | Reached skill level 9 in Fighting
 14810 | D:14     | Reached XP level 14. HP: 118/118 MP: 9/27
 14943 | D:15     | Entered Level 15 of the Dungeon
 15152 | D:15     | Found a staircase to the Depths.
 15175 | D:15     | Reached skill level 10 in Fighting
 15638 | D:15     | Reached skill level 9 in Dodging
 15744 | Depths:1 | Entered Level 1 of the Depths
 15744 | Depths:1 | Found a one-way gate to the infinite horrors of the Abyss.
 15744 | Depths:1 | Noticed a lich
 15899 | Orc:1    | Entered Level 1 of the Orcish Mines
 16026 | Orc:1    | Found a flagged portal.
 16036 | Bailey   | Entered a bailey
 16071 | Bailey   | Found an iron altar of Okawaru.
 16398 | Bailey   | Reached skill level 10 in Dodging
 16455 | Bailey   | Identified a +0 pair of boots of running (You acquired it in a bailey)
 16559 | Orc:1    | Reached skill level 6 in Spellcasting
 16998 | D:12     | Bought the ring of the Mage {Wiz MR++ Int+3} for 930 gold pieces
 17056 | D:12     | Bought a scroll of enchant armour for 90 gold pieces
 17056 | D:12     | Bought a scroll of silence for 90 gold pieces
 17134 | D:12     | Bought a scroll of enchant armour for 90 gold pieces
 17235 | Orc:2    | Entered Level 2 of the Orcish Mines
 17306 | Orc:2    | Found a runed door.
 17329 | Orc:2    | Noticed Josephine
 17342 | Orc:2    | Killed Josephine
 17397 | Orc:2    | Found a runed door.
 17512 | Orc:2    | Found a staircase to the Elven Halls.
 17686 | Orc:2    | Reached skill level 7 in Spellcasting
 17693 | Orc:2    | Found Yvarrue's Antique Weapon Shoppe.
 17693 | Orc:2    | Found Boghin's Food Emporium.
 17693 | Orc:2    | Found Rani's Weapon Shoppe.
 17832 | Orc:2    | Found Inoth's Antique Armour Emporium.
 17946 | Orc:2    | Found a roughly hewn altar of Beogh.
 17948 | Orc:2    | Found Vian Dut's Assorted Antiques.
 17960 | Orc:2    | Bought a fizzy blue potion for 24 gold pieces
 17960 | Orc:2    | Bought a lumpy coppery potion for 24 gold pieces
 17997 | Orc:2    | Bought a heavily runed ring mail for 198 gold pieces
 18007 | Orc:2    | Identified the cursed +0 ring mail "Soolasiv" {Str+2} (You bought it in a shop on level 2 of the Orcish Mines)
 18014 | Orc:2    | Bought a warped scale mail for 198 gold pieces
 18019 | Orc:2    | Identified the +3 scale mail of the Lute {Str+4} (You bought it in a shop on level 2 of the Orcish Mines)
 18113 | Lair:1   | Learned a level 4 spell: Summon Lightning Spire
 18116 | Lair:1   | Learned a level 2 spell: Poisonous Vapours
 18120 | Lair:1   | Learned a level 3 spell: Ignite Poison
 18186 | Spider:1 | Entered Level 1 of the Spider Nest
 18202 | Lair:4   | Reached skill level 1 in Summonings
 18205 | Lair:4   | Reached skill level 1 in Air Magic
 18329 | Lair:4   | HP: 12/122 [wolf spider (10)]
 18527 | D:12     | Bought a transparent scarf for 290 gold pieces
 18537 | D:12     | Identified the scarf of the Vanishing Coins {Dex+4} (You bought it in a shop on level 12 of the Dungeon)
 18575 | D:12     | Bought a scroll of magic mapping for 42 gold pieces
 18575 | D:12     | Bought a scroll of blinking for 90 gold pieces
 18679 | Lair:1   | Gained mutation: You are resistant to hostile enchantments. (MR+) [potion of mutation]
 18679 | Lair:1   | Gained mutation: You are agile. (Dex +2) [potion of mutation]
 18796 | Lair:2   | Found a staircase to the Shoals.
 18830 | Shoals:1 | Entered Level 1 of the Shoals
 18978 | Shoals:2 | Reached skill level 2 in Summonings
 18980 | Shoals:2 | Reached skill level 2 in Air Magic
 19144 | Shoals:3 | Reached skill level 3 in Summonings
 19153 | Shoals:3 | Reached skill level 3 in Air Magic
 19541 | Shoals:2 | Reached XP level 15. HP: 63/128 MP: 20/30
 19938 | Shoals:2 | Reached skill level 11 in Fighting
 20236 | Lair:1   | Learned a level 4 spell: Summon Ice Beast
 20391 | Lair:4   | Reached skill level 4 in Summonings
 20391 | Lair:4   | Reached skill level 1 in Ice Magic
 20675 | Lair:6   | Reached skill level 11 in Dodging
 20893 | Lair:6   | Reached skill level 8 in Armour
 21732 | Spider:1 | Reached skill level 4 in Stealth
 21758 | Spider:1 | Noticed Agnes
 21769 | Spider:1 | Killed Agnes
 21983 | Spider:1 | Reached skill level 5 in Stealth
 22273 | Spider:1 | Reached skill level 5 in Evocations
 22536 | Spider:2 | Reached skill level 6 in Evocations
 22912 | Spider:2 | Reached skill level 14 in Unarmed Combat
 22924 | Spider:2 | Reached XP level 16. HP: 58/137 MP: 3/31
 23115 | Spider:2 | Reached skill level 4 in Air Magic
 23680 | Spider:2 | Got a shimmering scale mail
 23687 | Spider:2 | Identified the +2 scale mail of the Morning {Slay+5} (You found it on level 2 of the Spider Nest)
 23932 | Spider:2 | Reached skill level 5 in Summonings
 24029 | Spider:3 | Reached skill level 2 in Ice Magic
 24029 | Spider:3 | Reached skill level 5 in Air Magic
 24549 | Shoals:1 | Reached skill level 6 in Summonings
 24682 | Shoals:1 | Reached skill level 3 in Ice Magic
 25163 | Shoals:4 | Entered Level 4 of the Shoals
 25197 | Shoals:4 | Reached skill level 8 in Spellcasting
 25428 | Shoals:4 | Got a barnacled rune of Zot
 25564 | Lair:1   | Learned a level 3 spell: Tukima's Dance
 25726 | D:14     | Reached skill level 12 in Dodging
 25820 | D:14     | Found a gate to the Vaults.
 25831 | D:14     | Reached skill level 1 in Hexes
 25838 | D:14     | Reached skill level 2 in Hexes
 25852 | D:14     | Reached skill level 3 in Hexes
 25886 | Vaults:1 | Entered Level 1 of the Vaults
 26130 | Vaults:1 | Learned a level 3 spell: Regeneration
 26264 | Vaults:1 | Reached skill level 1 in Charms
 26271 | Vaults:1 | Reached skill level 3 in Necromancy
 26275 | Vaults:1 | Reached skill level 2 in Charms
 26404 | Vaults:1 | Reached skill level 3 in Charms
 26404 | Vaults:1 | Reached XP level 17. HP: 144/144 MP: 14/33
 26432 | Vaults:1 | Reached skill level 4 in Necromancy
 26453 | Vaults:1 | Found Jikhomy's Book Shop.
 26557 | Vaults:1 | Reached skill level 10 in Transmutations
 27036 | Vaults:2 | Reached skill level 11 in Transmutations
 27582 | Vaults:3 | Reached skill level 12 in Transmutations
 27707 | Vaults:3 | Found a staircase to the Crypt.
 27747 | Vaults:3 | Found a flickering gateway to a bazaar.
 27777 | Bazaar   | Entered a bazaar
 27777 | Bazaar   | Found Wievvuje's Distillery.
 27777 | Bazaar   | Found Ifaihy's Distillery.
 27777 | Bazaar   | Found Teghul's Gadget Boutique.
 27777 | Bazaar   | Found Dankeipp's Distillery.
 27777 | Bazaar   | Found Xynuri's Gadget Boutique.
 27777 | Bazaar   | Found Tialoal's Antique Weapon Shop.
 27801 | Bazaar   | Bought a potion of agility for 28 gold pieces
 27801 | Bazaar   | Bought a potion of curing for 21 gold pieces
 27801 | Bazaar   | Bought a potion of haste for 70 gold pieces
 27801 | Bazaar   | Bought a potion of might for 28 gold pieces
 27801 | Bazaar   | Bought a potion of mutation for 56 gold pieces
 27809 | Bazaar   | Bought a potion of haste for 80 gold pieces
 27809 | Bazaar   | Bought a potion of ambrosia for 64 gold pieces
 27809 | Bazaar   | Bought a potion of heal wounds for 40 gold pieces
 27809 | Bazaar   | Bought a potion of heal wounds for 40 gold pieces
 27809 | Bazaar   | Bought a potion of might for 32 gold pieces
 27809 | Bazaar   | Bought a potion of might for 32 gold pieces
 27809 | Bazaar   | Bought a potion of mutation for 64 gold pieces
 27811 | Bazaar   | Bought a potion of curing for 27 gold pieces
 27811 | Bazaar   | Bought a potion of magic for 72 gold pieces
 27811 | Bazaar   | Bought a potion of might for 36 gold pieces
 27811 | Bazaar   | Bought a potion of mutation for 72 gold pieces
 27811 | Bazaar   | Bought a potion of invisibility for 72 gold pieces
 27811 | Bazaar   | Bought a potion of curing for 27 gold pieces
 27811 | Bazaar   | Bought a potion of curing for 27 gold pieces
 27811 | Bazaar   | Bought a potion of curing for 27 gold pieces
 27811 | Bazaar   | Bought a potion of heal wounds for 45 gold pieces
 28107 | Vaults:3 | Reached skill level 13 in Transmutations
 28246 | Vaults:4 | Reached skill level 15 in Unarmed Combat
 28722 | Vaults:4 | HP: 12/144 [two-headed ogre/giant club[an ironheart preserver] (12)]
 28993 | Vaults:4 | Reached skill level 16 in Unarmed Combat
 29046 | Vaults:4 | Reached XP level 18. HP: 103/151 MP: 14/35
 29986 | Vaults:4 | Reached skill level 17 in Unarmed Combat
 30761 | Vaults:4 | Reached skill level 14 in Transmutations
 30984 | Vaults:3 | Noticed a lich
 30993 | Vaults:3 | Killed a lich
 31254 | Vaults:2 | Got a pair of ichor-stained gloves
 31260 | Vaults:2 | Identified the +1 pair of gloves "Ephurae" {rC++ rCorr Int+4} (You found it on level 2 of the Vaults)
 31586 | Vaults:2 | Found Majov's Antique Weapon Emporium.
 32265 | Depths:1 | Killed a lich
 32324 | Depths:1 | Reached XP level 19. HP: 132/158 MP: 20/36
 32664 | Depths:1 | Found a runed door.
 32686 | Depths:1 | Found a radiant altar of Vehumet.
 32686 | Depths:1 | Noticed an ancient lich
 32698 | Depths:1 | Killed an ancient lich
 32703 | Depths:1 | Reached skill level 18 in Unarmed Combat
 32717 | Depths:1 | Identified the Catalogue of Conjuration
 32825 | Depths:1 | Found a gateway to Hell.
 32868 | Depths:1 | Reached skill level 12 in Fighting
 32913 | Depths:1 | HP: 15/160 [ice dragon/blast of cold (33)]
 32925 | Depths:1 | HP: 10/160 [two-headed ogre/giant spiked club[a boggart] (8)]
 33068 | Depths:1 | Identified the cursed +1 hand crossbow of Infinity {speed, Int+2 Dex+7} (You found it on level 1 of the Depths)
 33144 | Depths:1 | Found a one-way gate leading to the halls of Pandemonium.
 33568 | Vaults:1 | Bought a book of the Earth for 910 gold pieces
 33575 | Vaults:1 | Learned a level 6 spell: Statue Form
 33684 | Depths:1 | Reached skill level 1 in Earth Magic
 33813 | Depths:2 | Found a gateway to a ziggurat.
 33823 | Depths:1 | Reached skill level 2 in Earth Magic
 34000 | Depths:2 | Reached skill level 3 in Earth Magic
 34100 | Depths:2 | Reached skill level 4 in Earth Magic
 34210 | Depths:3 | Reached skill level 5 in Earth Magic
 34414 | Depths:3 | Reached skill level 6 in Earth Magic
 34640 | Depths:2 | Found a shimmering altar of Xom.
 34758 | Depths:2 | Reached skill level 1 in Shields
 34763 | Depths:2 | Lost mutation: You are agile. (Dex +2) [mutagenic glow]
 34875 | Depths:3 | Reached skill level 2 in Shields
 34877 | Depths:3 | Got a pitted bone ring
 34878 | Depths:3 | Identified the ring "Muzxetwawu" {MR+ Int+4} (You took it off a wizard on level 3 of the Depths)
 34968 | Depths:3 | Noticed a lich
 34977 | Depths:3 | Killed a lich
 34977 | Depths:3 | Reached skill level 3 in Shields
 35011 | Depths:3 | Reached skill level 4 in Shields
 35108 | Depths:3 | Reached skill level 5 in Shields
 35108 | Depths:3 | Reached XP level 20. HP: 169/169 MP: 31/37
 35158 | Depths:3 | Learned a level 2 spell: Swiftness
 35426 | Depths:4 | Noticed a juggernaut
 35539 | Depths:4 | Killed a juggernaut
 35673 | Depths:4 | Noticed the Enchantress
 35695 | Depths:4 | Killed the Enchantress
 35695 | Depths:4 | Reached skill level 9 in Spellcasting
 35706 | Depths:4 | HP: 31/328 [spriggan defender/enchanted quick blade[the Enchantress] (2)]
 35709 | Depths:4 | Killed from afar by a spriggan air mage

Skill      XL: |  1  2  3  4  5  6  7  8  9 10 11 12 13 14 15 16 17 18 19 20 |
---------------+-------------------------------------------------------------+-----
Stealth        | 1 2 3 5 |  5.2
Fighting       | 1 2 4 6 7 9 10 11 12 | 12.5
Transmutations | 2 4 8 9 13 14 | 14.8
Poison Magic   | 3 |  3.7
Unarmed Combat | 5 7 10 11 13 14 16 17 18 | 18.6
Dodging        | 4 5 8 10 11 12 | 12.4
Spellcasting   | 3 5 7 8 9 |  9.4
Armour         | 3 7 8 |  8.4
Evocations     | 4 6 |  6.1
Necromancy     | 2 3 4 |  4.0
Translocations | 2 |  2.1
Summonings     | 3 4 6 |  6.1
Air Magic      | 3 5 |  5.6
Ice Magic      | 1 3 |  3.0
Hexes          | 3 |  3.0
Charms         | 3 |  3.1
Earth Magic    | 6 |  6.5
Shields        | 5 |  5.0

Action                   |  1- 3 |  4- 6 |  7- 9 | 10-12 | 13-15 | 16-18 | 19-21 || total
-------------------------+-------+-------+-------+-------+-------+-------+-------++-------
Melee: Unarmed           |    16 |    29 |   411 |   593 |  1138 |  1135 |   519 ||  3841
       Kick              |    10 |     4 |       |       |       |       |       ||    14
       Dagger            |    67 |    23 |    78 |     5 |       |       |       ||   173
       Headbutt          |    11 |     3 |       |       |       |       |       ||    14
       Punch             |       |       |     6 |    28 |    81 |    98 |    46 ||   259
 Fire: Hunting sling     |    65 |    35 |   103 |     8 |       |       |       ||   211
Throw: Stone             |    10 |       |       |       |       |       |       ||    10
       Javelin           |     4 |     1 |     1 |       |     2 |     8 |    10 ||    26
 Cast: Beastly Appendage |    21 |     6 |       |       |       |       |       ||    27
       Sticks to Snakes  |     9 |     3 |     1 |    52 |   133 |    21 |     5 ||   224
       Spider Form       |       |     7 |    47 |       |     1 |       |       ||    55
       Blade Hands       |       |       |     8 |    88 |   146 |   125 |    31 ||   398
       Animate Skeleton  |       |       |       |    19 |    96 |   120 |    53 ||   288
       Apportation       |       |       |       |       |    50 |    26 |    25 ||   101
       Poisonous Vapours |       |       |       |       |    48 |    17 |       ||    65
       Ignite Poison     |       |       |       |       |     3 |       |       ||     3
       Summon Lightning  |       |       |       |       |    23 |   111 |    28 ||   162
       Summon Ice Beast  |       |       |       |       |    13 |     3 |       ||    16
       Regeneration      |       |       |       |       |       |    65 |    32 ||    97
       Statue Form       |       |       |       |       |       |       |    12 ||    12
 Abil: End Transformatio |       |     3 |    15 |     6 |    26 |    53 |    20 ||   123
       Evoke Flight      |       |       |       |       |    24 |     8 |       ||    32
       Stop Flying       |       |       |       |       |     5 |       |       ||     5
Evoke: Fan of gales      |       |       |       |     1 |     1 |       |     1 ||     3
       Wand              |       |       |       |       |     8 |     8 |     5 ||    21
       Lamp of fire      |       |       |       |       |       |     2 |       ||     2
  Use: Scroll            |     1 |     3 |     9 |    15 |    18 |    18 |     7 ||    71
       Potion            |     1 |       |     8 |     2 |     4 |    14 |    10 ||    39
 Stab: Sleeping          |       |       |     7 |     4 |     3 |     3 |       ||    17
       Invisible         |       |       |       |     3 |       |       |       ||     3
       Distracted        |       |       |       |     5 |    21 |    31 |    11 ||    68
       Confused          |       |       |       |       |     2 |       |       ||     2
  Eat: Chunk             |     3 |     3 |    19 |    30 |    55 |    27 |    14 ||   151
       Meat ration       |       |       |     1 |     3 |     3 |     2 |     1 ||    10
       Royal jelly       |       |       |       |     2 |       |     4 |       ||     6
       Fruit             |       |       |       |       |    12 |       |     6 ||    18
       Bread ration      |       |       |       |       |       |     3 |       ||     3
Armor: Robe              |     3 |       |    10 |    30 |       |       |       ||    43
       Leather armour    |    25 |     4 |       |       |       |       |       ||    29
       Skin              |       |       |   131 |       |       |       |   104 ||   235
       Ring mail         |       |       |       |    74 |   282 |    32 |       ||   388
       Scale mail        |       |       |       |       |       |   288 |   107 ||   395
Dodge: Dodged            |    83 |    39 |   340 |   338 |   733 |   761 |   356 ||  2650
Block: Buckler           |       |       |       |       |       |       |    44 ||    44

Table legend:
 A = Turns spent in this place as a percentage of turns spent in the entire game.
 B = Non-inter-level travel turns spent in this place as a percentage of non-inter-level travel turns spent in the entire game.
 C = Inter-level travel turns spent in this place as a percentage of turns spent in this place.
 D = Turns resting spent in this place as a percentage of non-inter-level travel turns spent in this place.
 E = Turns spent auto-exploring this place as a percentage of non-inter-level travel turns spent in this place.
 F = Non-inter-level travel turns spent in this place divided by the number of levels of this place that you've seen.
                   A       B       C       D       E      F
               +-------+-------+-------+-------+-------+----------------------
         Total | 100.0 | 100.0 |   0.5 |   1.1 |   0.0 | 654.2
       Dungeon |  29.4 |  29.5 |   0.5 |   0.8 |   0.0 | 565.2
          Lair |  14.4 |  14.3 |   0.8 |   0.8 |   0.0 | 687.2
        Shoals |   8.5 |   8.5 |   0.4 |   0.5 |   0.0 | 611.0
   Spider Nest |   8.3 |   8.4 |   0.2 |   3.5 |   0.0 | 802.0
  Orcish Mines |   3.8 |   3.8 |   1.1 |   0.3 |   0.0 | 544.0
        Vaults |  17.2 |  17.2 |   0.8 |   1.7 |   0.0 | 1235.5
        Depths |  10.3 |  10.3 |   0.4 |   0.3 |   0.0 | 740.2
     Labyrinth |   1.7 |   1.7 |   0.0 |   0.0 |   0.0 | 498.0
        Bazaar |   0.2 |   0.2 |   0.0 |   0.0 |   0.0 |  58.0
         Sewer |   1.5 |   1.5 |   0.0 |   0.9 |   0.0 | 430.0
        Bailey |   1.7 |   1.7 |   0.0 |   0.8 |   0.0 | 493.0
      Ice Cave |   1.9 |   1.9 |   0.0 |   0.9 |   0.0 | 558.0
       Volcano |   1.1 |   1.1 |   0.0 |   2.3 |   0.0 | 307.0
               +-------+-------+-------+-------+-------+----------------------

Table legend:
 A = Kills in this place as a percentage of kills in entire the game.
 B = Kills by you in this place as a percentage of kills by you in the entire game.
 C = Kills by friends in this place as a percentage of kills by friends in the entire game.
 D = Other kills in this place as a percentage of other kills in the entire game.
 E = Experience gained in this place as a percentage of experience gained in the entire game.
 F = Experience gained in this place divided by the number of levels of this place that you have seen.
                   A       B       C       D       E      F
               +-------+-------+-------+-------+-------+----------------------
         Total | 100.0 | 100.0 | 100.0 | 100.0 | 100.0 | 13588.4
       Dungeon |  26.4 |  28.9 |   8.7 |   0.0 |  10.1 | 4027.2
          Lair |  14.4 |  12.1 |  30.4 |   0.0 |   9.0 | 9010.7
        Shoals |   6.6 |   5.5 |  14.5 |   0.0 |   7.7 | 11548.8
   Spider Nest |   8.4 |   8.5 |   7.7 |   0.0 |   7.9 | 15680.0
  Orcish Mines |   5.1 |   5.4 |   3.4 |   0.0 |   1.5 | 4601.5
        Vaults |  19.9 |  19.7 |  20.8 | 100.0 |  35.5 | 53044.0
        Depths |  11.2 |  11.2 |  11.6 |   0.0 |  25.7 | 38434.8
     Labyrinth |   0.1 |   0.1 |   0.0 |   0.0 |   0.2 | 1085.0
         Sewer |   2.8 |   3.2 |   0.0 |   0.0 |   0.1 | 341.0
        Bailey |   2.4 |   2.3 |   2.9 |   0.0 |   0.7 | 3991.0
      Ice Cave |   1.6 |   1.8 |   0.0 |   0.0 |   0.9 | 5233.0
       Volcano |   1.2 |   1.4 |   0.0 |   0.0 |   0.7 | 4416.0
               +-------+-------+-------+-------+-------+----------------------

Vault maps used:
D:1:      dpeg_arrival_oval
D:2:      tso_altar
D:4:      cheibrodos_sewer_entry_drain, uniq_pikel
D:5:      first_bread
D:6:      serial_shops, shop, minivault_1, corexii_shack,
          uniq_crazy_yiuf_cottage
D:7:      minmay_temple_entry_overgrown
D:8:      hangedman_pestilent_swarm, uniq_maurice, uniq_erica,
          uniq_prince_ribbit1
D:9:      david_lair_generic, david_orc_2
D:11:     lab_entry_generic, minmay_parallelograms, hangedman_decor_lopped,
          fedhas_altar_2
D:12:     serial_shops, nicolae_shop_crystal, kennysheep_mini, shop,
          nicolae_shop_waterfront, shop
D:14:     lightli_vaults_fourway_checkpoint, kennysheep_nub, minivault_24,
          due_unseen_surprise
D:15:     gammafunk_depths_entry_grave, minmay_crystal_room
Lair:1:   dpeg_stationary_puzzle
Lair:2:   elwin_shoals_entry_rooms, infiniplex_staircase_pool_2
Lair:3:   beast_lair_carwin_large_3
Lair:4:   spider_nest_entry_a
Lair:5:   slime_altar_1, portal_ice_cave_entry_pillars_1, zaba_anthell,
          grunt_megastairs_3
Lair:6:   gammafunk_lair_ancient_temple, enter_volcano_1,
          nicolae_quartered_pool_little, grunt_forest_small_clearing_treed
Shoals:4: shoals_end_grunt_ice, shoals_ilsuiw_alternative, serial_shops,
          shop_coins, nicolae_shoals_kraken_intersection, uniq_jorgrun
Spider:1: uniq_agnes
Spider:2: mumra_spider_spiderweb
Spider:3: nicolae_spider_cling_halls
Orc:1:    enter_bailey_3
Orc:2:    st_orc_mages, basic_altar, serial_shops, shop,
          chequers_guarded_unrand_ignorance, uniq_josephine
Vaults:1: vaults_room_large_hall, v_misc_11, ontoclasm_vaults_chip,
          hangedman_vaults_corner_blocks, hangedman_vaults_trim,
          dpeg_vaults_monster_box, serial_shops, shop
Vaults:2: ontoclasm_vaults_misaligned, nicolae_vaults_branching_niches,
          v_misc_19, vaults_room_mumra_shop_pool,
          vaults_standard_mumra_enter_the_diamond, serial_ice_m,
          nicolae_vaults_what_the_h
Vaults:3: v_misc_33, v_alt_pattern_2, minmay_crypt_entry_simple_box,
          dpeg_vaults_monster_row, nicolae_vaults_rhombus_6,
          hangedman_vaults_capsules, vaults_mumra_minichess_inversion,
          ontoclasm_vaults_claustrophobia, nicolae_vaults_mini_display_case,
          serial_shops, bzr_entry_lakeside
Vaults:4: st_star, v_misc_5, v_misc_10, hangedman_vaults_pinch, v_pattern_4,
          nicolae_vaults_little_squares_5, hangedman_vaults_corner_blocks,
          nicolae_vaults_gold_heap, v_rooms_1, v_rooms_4, vaults_dpeg_cross,
          ontoclasm_vaults_decontamination, vaults_dpeg_diagonal
Depths:1: hangedman_arch_fort, grunt_pan_entry_sceptre, minmay_misc_feat_five,
          hell_entry, abyss_entry, serial_bayou_lagoon_a, st_stairs_1,
          grunt_absolute_annihilation
Depths:2: due_chaos_kobolds, enter_ziggurat_b, rand_demon_pan_entry_1,
          hell_entry, minmay_staircase_bubble
Depths:3: lemuel_troll_bridge, rand_demon_pan_entry_3,
          grunt_hell_entry_dis_grunt, glass_columns_c, minmay_shop_grove
Depths:4: minmay_fractal_lines_corner, minmay_misc_feat_doors, abyss_entry,
          hangedman_coc_ice_floe, serial_bayou_shore_a,
          infiniplex_staircase_pillars_1, uniq_enchantress
Lab:      labyrinth_skeletal_remains
Bazaar:   bazaar_minmay_trees
Sewer:    sewer_frog_island_02
Bailey:   bailey_axe_of_yendor_kennysheep, bailey
IceCv:    ice_cave_small_demon
Volcano:  volcano_grotto
